 Dungeon Crawl Stone Soup version 0.28.0 (webtiles) character file.

Game seed: 1748670621115587543

329 Tirrikindir the Slasher (level 6, -2/43 HPs)
             Began as an Octopode Fighter on Feb 12, 2022.
             Slain by Pikel (4 damage)
             ... on level 4 of the Dungeon.
             The game lasted 00:06:19 (3541 turns).

Tirrikindir the Slasher (Octopode Fighter)          Turns: 3541, Time: 00:06:21

Health: -2/43      AC:  1    Str: 13 (15) XL:     6   Next: 51%
Magic:  6/6        EV: 13    Int:  8 (11) God:
Gold:   177        SH:  4    Dex: 11 (13) Spells: 5/5 levels left

rFire   . . .      SeeInvis .   a - +0 long sword
rCold   . . .      Faith    .   b - +0 buckler
rNeg    . . .      Spirit   .   (helmet restricted)
rPois   .          Reflect  .   (no amulet)
rElec   .          Harm     .   (no ring)
rCorr   .          Rampage  .   (no ring)
Will    .....                   (no ring)
Stlth   +++.......              (no ring)
HPRegen 0.14/turn               (no ring)
MPRegen 0.10/turn               (no ring)
                                (no ring)
                                (no ring)

@: no status effects
A: almost no armour, amphibious, 8 rings, camouflage 1, gelatinous body 1,
(nimble swimmer 1), tentacles
a: no special abilities


You were on level 4 of the Dungeon.
You visited 1 branch of the dungeon, and saw 4 of its levels.

You collected 177 gold pieces.

Inventory:

Hand Weapons
 a - a +0 long sword (weapon)
 f - a +0 rapier
Missiles
 e - 2 boomerangs (quivered)
Armour
 b - a +0 buckler (worn)
Jewellery
 k - a ring of ice
Potions
 g - a potion of brilliance {unknown}
 h - a potion of curing {unknown}
 i - a potion of degeneration
 j - a potion of heal wounds {unknown}


   Skills:
 + Level 3.9 Fighting
 * Level 4.1 Long Blades
 + Level 3.9 Dodging
 + Level 3.4 Stealth
 + Level 3.9 Shields


You had 5 spell levels left.
You didn't know any spells.
Your spell library was empty.

Dungeon Overview and Level Annotations

Branches:
Dungeon (4/15)
 Temple: D:4-7

Altars:

Annotations:
D:4 Pikel


Innate Abilities, Weirdness & Mutations

You cannot wear most types of armour.
You are amphibious.
You can wear up to eight rings at the same time.
Your skin changes colour to match your surroundings (Stealth+).
Your rubbery body absorbs attacks. (AC +1, EV +1)
((You are camouflaged when in or above water. (Stealth+)))
You have tentacles for arms and can constrict up to eight enemies at once.


Message History

You start resting.
HP restored.
You climb downwards.
Level annotation: Pikel
There is a stone staircase leading up here.
Things that are here:
a +0 dagger of venom; a goblin skeleton Pikel waves his whip at you.
Throw: 2 boomerangs
Press: ? - help, Q - select action Shift-Dir - straight line, f - Pikel
Aim: Pikel, wielding a +2 whip of flaming and wearing a +1 robe of resistance (50% to hit)
You throw a boomerang.
The boomerang hits Pikel but does no damage.
Pikel hits you with a +2 whip of flaming!
Pikel burns you.
The lemure shouts!
You hit Pikel. You grab Pikel.
Pikel is lightly wounded.
You constrict Pikel, but do no damage.
Pikel hits you with a +2 whip of flaming!
Pikel burns you.
You hit Pikel.
Pikel is lightly wounded.
You constrict Pikel. Pikel completely misses you.
You barely miss Pikel. You squeeze Pikel!
Pikel is heavily wounded.
You constrict Pikel.
Pikel hits you with a +2 whip of flaming!
Pikel burns you.
* * * LOW HITPOINT WARNING * * *
You release your grip on Pikel.
Things that are here:
a +0 dagger of venom; a goblin skeleton It was a potion of degeneration.
There was something very wrong with that liquid.
You feel weakened.
You feel dopey.
You feel clumsy.
Pikel hits you with a +2 whip of flaming!
* * * LOW HITPOINT WARNING * * *
Pikel burns you.
You die...

#.....<....# #..........#
#..........##
#...........########
#...................
#.............########
#..........##.## #...#
#############..###...###..
#######.@K5........
#.....#####5..###. #
#.....# #...# .# #.....#
#...####..# #.....#
#.........# #.....#
##....)##..... #.[...#
##.......## ...
#>....###.........# .
####.###..........# .


You could see Pikel and 2 lemures.

Vanquished Creatures
  Sigmund (D:3)
  2 lemures (D:4)
  A phantom (D:3)
  3 adders (D:3)
  A worm (D:2)
  4 orcs
  2 bats
  5 endoplasms
  3 giant cockroaches
  8 goblins
  7 hobgoblins
  10 jackals
  A quokka (D:3)
  6 ball pythons
  A frilled lizard (D:1)
  5 kobolds
  4 rats
64 creatures vanquished.

Notes
Turn   | Place    | Note
-------+----------+-------------------------------------------
     0 | D:1      | Tirrikindir the Octopode Fighter began the quest for the
                  | Orb.
     0 | D:1      | Reached XP level 1. HP: 16/16 MP: 1/1
   466 | D:1      | Reached XP level 2. HP: 17/21 MP: 2/2
   468 | D:1      | Reached skill level 1 in Stealth
  1112 | D:2      | Reached XP level 3. HP: 24/26 MP: 3/3
  2197 | D:3      | Reached XP level 4. HP: 28/31 MP: 4/4
  2234 | D:3      | Noticed a phantom
  2249 | D:3      | Killed a phantom
  2250 | D:3      | Reached skill level 3 in Long Blades
  2250 | D:3      | Reached XP level 5. HP: 10/36 MP: 5/5
  2805 | D:3      | Noticed Sigmund
  2811 | D:3      | Killed Sigmund
  2812 | D:3      | Reached skill level 4 in Long Blades
  2812 | D:3      | Reached XP level 6. HP: 38/43 MP: 6/6
  3226 | D:4      | Noticed Pikel
  3541 | D:4      | HP: 2/43 [Pikel (8)]
  3541 | D:4      | Slain by Pikel

Illustrated notes

Levels and vault maps discovered:
D:1:      elethiomel_arrival_infinity_welcomes_careful_drivers, layout_basic
D:2:      layout_basic
D:3:      layout_basic, guppyfry_early_orc_mine, uniq_sigmund
D:4:      layout_rooms, lemuel_zombie_altar_kikubaaqudgha, uniq_grinder,
          uniq_pikel, uniq_crazy_yiuf_cottage, uniq_natasha

Skill      XL: |  1  2  3  4  5 |
---------------+----------------+-----
Stealth        | 1 2 3 |  3.4
Long Blades    | 3 4 |  4.1
Fighting       | |  3.9
Dodging        | |  3.9
Shields        | |  3.9

Action                   |  1- 3 |  4- 6 || total
-------------------------+-------+-------++-------
Melee: Long sword        |    67 |    58 ||   125
       Constrict         |    23 |    10 ||    33
       Tentacles         |    14 |    12 ||    26
       Punch             |     2 |       ||     2
Throw: Boomerang         |       |     3 ||     3
  Use: Scroll            |     1 |     1 ||     2
       Potion            |     2 |     3 ||     5
 Stab: Sleeping          |    16 |     4 ||    20
Armor: Skin              |     3 |     1 ||     4
Dodge: Dodged            |    37 |    30 ||    67
Block: Buckler           |     9 |    10 ||    19
